 Dungeon Crawl Stone Soup version 0.23.2-30-g0e89c35649 (webtiles) character file.

Game seed: 8327110827892551895

1786 beigtais the Sneak (level 8, -7/60 HPs)
             Began as a Demonspawn Assassin on June 25, 2019.
             Was a Believer of Uskayaw.
             Mangled by an ice beast (9 damage)
             ... on level 5 of the Dungeon.
             The game lasted 00:42:33 (4598 turns).

beigtais the Sneak (Demonspawn Assassin)            Turns: 4598, Time: 00:42:34

Health: -7/60      AC:  4    Str: 13    XL:     8   Next: 82%
Magic:  12/12      EV: 14    Int: 14    God:    Uskayaw [**....]
Gold:   501        SH:  0    Dex: 18    Spells: 13/13 levels left

rFire    . . .     SeeInvis .   t - +1 rapier (elec)
rCold    . . .     Gourm    .   (no shield)
rNeg     . . .     Faith    +   c - +0 robe
rPois    .         Spirit   .   (no helmet)
rElec    .         Reflect  .   d - +0 cloak
rCorr    .         Harm     .   (no gloves)
MR       +....                  (no boots)
Stlth    +++.......             i - amulet of faith
HPRegen  0.20/turn              f - ring of wizardry
MPRegen  0.13/turn              n - ring of protection from magic

@: no status effects
A: hooves 2, agile 1, blurry vision 1, shaggy fur 1, strong 1, rot immunity,
sturdy frame 2
a: Stomp, Line Pass, Renounce Religion


You were on level 5 of the Dungeon.
You worshipped Uskayaw.
Uskayaw was noncommittal.
You were hungry.

You visited 1 branch of the dungeon, and saw 5 of its levels.
You also visited: Ossuary.

You collected 501 gold pieces.

Inventory:

Hand Weapons
 a - a +2 dagger
 b - a +1 blowgun
 l - a +0 shortbow
 t - a +1 rapier of electrocution (weapon)
 u - a +0 hunting sling
 v - a +1 dagger of electrocution
Missiles
 e - 66 poisoned needles
 o - 205 stones (quivered)
 r - 67 arrows
 D - 6 curare-tipped needles
Armour
 c - a +0 robe (worn)
 d - a +0 cloak (worn)
 h - a +0 helmet
Magical Staves
 w - an uncursed staff of conjuration
Jewellery
 f - a ring of wizardry (left hand)
 i - an amulet of faith (around neck)
 k - an uncursed amulet of regeneration
 m - an uncursed ring of ice
 n - a ring of protection from magic (right hand)
 q - an uncursed amulet of magic regeneration
 z - a cursed ring of teleportation
 F - an uncursed ring of fire
Scrolls
 s - 3 scrolls of teleportation
 x - a scroll of immolation {unknown}
 y - a scroll of remove curse
Potions
 p - a potion of ambrosia
 A - a potion of flight
 B - a potion of lignification
 C - a potion of haste {unknown}
 E - a potion of curing
Comestibles
 g - 7 rations


   Skills:
 * Level 4.2 Fighting
 * Level 4.3 Short Blades
 * Level 5.2 Throwing
 * Level 3.9 Dodging
 * Level 6.6 Stealth
 * Level 3.3 Spellcasting
 * Level 0.3 Invocations


You had 13 spell levels left.
You didn't know any spells.
Your spell library was empty.

Dungeon Overview and Level Annotations

Branches:
Dungeon (5/15)
 Temple: D:4-7

Altars:
Ashenzari
Cheibriados
Fedhas
Gozag
Hepliaklqana
Kikubaaqudgha
Nemelex Xobeh
Sif Muna
Uskayaw
Xom
Yredelemnul

Annotations:
D:3 1 runed translucent door, Sveporus's ghost, amateur DsAK


Innate Abilities, Weirdness & Mutations

You have hoof-like feet.
You are immune to rotting.
Your movements are less encumbered by armour. (ER -4)
You are agile. (Dex +2)
Scrolls take you a little longer to read.
You are covered in fur. (AC +1)
Your muscles are strong. (Str +2)


Message History

You hit the ice beast but do no damage.
The ice beast is heavily wounded.
The ice beast hits you. The ice beast freezes you!
You closely miss the ice beast.
You kick the ice beast, but do no damage.
The ice beast is heavily wounded.
The ice beast hits you. The ice beast freezes you.
You hit the ice beast. You kick the ice beast.
The ice beast is severely wounded.
The ice beast hits you. The ice beast freezes you!
You closely miss the ice beast. Your kick misses the ice beast.
The ice beast is severely wounded.
The ice beast hits you.
* * * LOW HITPOINT WARNING * * *
The ice beast freezes you!
* * * LOW HITPOINT WARNING * * *
The ice beast hits you.
* * * LOW HITPOINT WARNING * * *
The ice beast freezes you!
You die...

..###########...##........#
..# #...##........# ..#
.....P#....[...# ###
#.###.PP........#
...#.#.......##### ##.
#.....PP..# + #....#.P..#
#._.Y##...# #...@#..P.#
#........## #.#.PP...#
###P...P## ...P#.##
###.##.# ...#.# ... #.#
...$ ...


You could see an ice beast.

Vanquished Creatures
  Pikel (D:4)
  Sigmund (D:4)
  Eustachio (D:4)
  A black bear (D:3)
  A phantom (D:4)
  2 ogres
  A centaur (D:3)
  Blork the orc (D:4)
  A crimson imp (D:5)
  A centaur zombie (Ossuary)
  2 hounds
  A human zombie (Ossuary)
  2 bullfrog skeletons
  A jelly (D:5)
  An iguana (D:4)
  A worker ant (D:4)
  A big kobold zombie (Ossuary)
  2 hound zombies (D:5)
  2 mummies (Ossuary)
  5 adders
  2 shadow imps (D:5)
  An ooze (D:4)
  An adder skeleton (D:4)
  3 worms
  7 leopard geckos
  5 orcs
  2 ball pythons (D:2)
  8 giant cockroaches
  4 gnoll zombies
  7 goblins
  7 hobgoblins
  8 jackals (D:4)
  3 quokkas
  6 bats
  2 frilled lizards
  2 goblin zombies (Ossuary)
  6 hobgoblin zombies (Ossuary)
  2 jackal skeletons
  5 kobolds
  An orc zombie (Ossuary)
  5 rats
116 creatures vanquished.

Vanquished Creatures (others)
  A dart slug (D:4)
1 creature vanquished.

Grand Total: 117 creatures vanquished

Notes
Turn   | Place    | Note
-------+----------+-------------------------------------------
     0 | D:1      | beigtais the Demonspawn Assassin began the quest for the
                  | Orb.
     0 | D:1      | Reached XP level 1. HP: 16/16 MP: 1/1
    55 | D:1      | Reached skill level 1 in Dodging
   536 | D:2      | Gained mutation: Your movements are slightly less
                  | encumbered by armour. (ER -2) [demonic ancestry]
   536 | D:2      | Reached XP level 2. HP: 18/22 MP: 2/2
   561 | D:2      | Reached skill level 4 in Stealth
   776 | D:2      | Found a hide-covered altar of Uskayaw.
   818 | D:2      | Gained mutation: You have sharp toenails. [potion of
                  | mutation]
   818 | D:2      | Gained mutation: Scrolls take you a little longer to read.
                  | [potion of mutation]
   818 | D:2      | Gained mutation: You evolve. [potion of mutation]
   858 | D:2      | Lost mutation: You have sharp toenails. [demonic ancestry]
   858 | D:2      | Gained mutation: You have large cloven feet. [demonic
                  | ancestry]
   858 | D:2      | Reached XP level 3. HP: 27/27 MP: 2/4
   994 | D:2      | Found a deep blue altar of Sif Muna.
  1042 | D:2      | Gained mutation: Your system is resistant to poisons.
                  | (rPois) [evolution]
  1204 | D:2      | Found a blossoming altar of Fedhas.
  1330 | D:2      | Found a sparkling altar of Nemelex Xobeh.
  1330 | D:2      | Found a shattered altar of Ashenzari.
  1331 | D:2      | Found a snail-covered altar of Cheibriados.
  1365 | D:2      | Reached skill level 1 in Spellcasting
  1365 | D:2      | Gained mutation: Your movements are less encumbered by
                  | armour. (ER -4) [demonic ancestry]
  1365 | D:2      | Reached XP level 4. HP: 28/33 MP: 5/5
  1500 | D:2      | Became a worshipper of Uskayaw the Reveler
  1556 | D:2      | Reached * piety under Uskayaw
  1736 | D:2      | Lost mutation: Scrolls take you a little longer to read.
                  | [evolution]
  2079 | D:3      | Found a runed translucent door.
  2096 | D:3      | Noticed Sveporus's ghost (amateur DsAK)
  2103 | D:3      | Noticed a centaur
  2113 | D:3      | Killed a centaur
  2113 | D:3      | Reached XP level 5. HP: 39/39 MP: 5/7
  2152 | D:3      | Lost mutation: Your system is resistant to poisons. (rPois)
                  | [potion of mutation]
  2152 | D:3      | Lost mutation: You evolve. [potion of mutation]
  2152 | D:3      | Gained mutation: You have sharp fingernails. [potion of
                  | mutation]
  2152 | D:3      | Gained mutation: Your muscles are strong. (Str +2) [potion
                  | of mutation]
  2152 | D:3      | Gained mutation: You are robust. (+10% HP) [potion of
                  | mutation]
  2209 | D:3      | Noticed a black bear
  2234 | D:3      | Killed a black bear
  2234 | D:3      | Reached skill level 5 in Stealth
  2234 | D:3      | Reached XP level 6. HP: 48/50 MP: 8/8
  2269 | D:3      | Found an opulent altar of Gozag.
  2329 | D:3      | Reached ** piety under Uskayaw
  2689 | D:3      | Found a basalt altar of Yredelemnul.
  3076 | D:4      | Found a sand-covered staircase.
  3081 | Ossuary  | Entered an ossuary
  3476 | D:4      | Noticed Blork the orc
  3507 | D:4      | Killed Blork the orc
  3507 | D:4      | Gained mutation: You are immune to rotting. [demonic
                  | ancestry]
  3507 | D:4      | Reached XP level 7. HP: 56/56 MP: 10/10
  3640 | D:4      | Noticed Eustachio
  3653 | D:4      | Killed Eustachio
  3714 | D:4      | Noticed Sigmund
  3794 | D:4      | Noticed Pikel
  3810 | D:4      | Killed Pikel
  3810 | D:4      | Reached skill level 6 in Stealth
  3810 | D:4      | Gained mutation: You have hoof-like feet. [demonic
                  | ancestry]
  3810 | D:4      | Reached XP level 8. HP: 47/66 MP: 10/12
  4007 | D:4      | Found a shimmering altar of Xom.
  4008 | D:4      | Found a hazy altar of Hepliaklqana.
  4008 | D:4      | Noticed a hell beast
  4009 | D:4      | Noticed a hell beast
  4009 | D:4      | Noticed a spectral ugly thing
  4095 | D:4      | Killed Sigmund
  4218 | D:5      | Entered Level 5 of the Dungeon
  4235 | D:5      | Reached skill level 5 in Throwing
  4268 | D:5      | Reached *** piety under Uskayaw
  4403 | D:5      | Lost mutation: You are robust. (+10% HP) [potion of
                  | mutation]
  4403 | D:5      | Lost mutation: Your muscles are strong. (Str +2) [potion of
                  | mutation]
  4403 | D:5      | Gained mutation: You have a pair of small horns on your
                  | head. [potion of mutation]
  4403 | D:5      | Gained mutation: Scrolls take you a little longer to read.
                  | [potion of mutation]
  4403 | D:5      | Gained mutation: Your muscles are strong. (Str +2) [potion
                  | of mutation]
  4404 | D:5      | Lost mutation: You have sharp fingernails. [potion of
                  | mutation]
  4404 | D:5      | Lost mutation: You have a pair of small horns on your head.
                  | [potion of mutation]
  4404 | D:5      | Gained mutation: You are covered in fur. (AC +1) [potion of
                  | mutation]
  4404 | D:5      | Gained mutation: You are agile. (Dex +2) [potion of
                  | mutation]
  4541 | D:5      | Found an ancient bone altar of Kikubaaqudgha.
  4595 | D:5      | HP: 3/60 [ice beast (14)]
  4598 | D:5      | Mangled by an ice beast

Skill      XL: |  1  2  3  4  5  6  7  8 |
---------------+-------------------------+-----
Dodging        | 1 2 3 |  3.9
Stealth        | 4 5 6 |  6.6
Short Blades   | 2 3 4 |  4.3
Throwing       | 2 3 4 5 |  5.2
Spellcasting   | 1 2 3 |  3.3
Fighting       | 3 4 |  4.2
Invocations    | |  0.3

Action                   |  1- 3 |  4- 6 |  7- 9 || total
-------------------------+-------+-------+-------++-------
Melee: Dagger            |    97 |   139 |    17 ||   253
       Kick              |     7 |    35 |    36 ||    78
       Rapier            |       |       |    74 ||    74
 Fire: Blowgun           |    12 |    30 |    29 ||    71
Throw: Stone             |       |    42 |     7 ||    49
Invok: Stomp             |       |     8 |     1 ||     9
       Line Pass         |       |       |     3 ||     3
  Use: Potion            |     3 |     1 |     2 ||     6
       Scroll            |     2 |     8 |     3 ||    13
 Stab: Sleeping          |     5 |    10 |     7 ||    22
       Distracted        |       |     1 |     1 ||     2
       Confused          |       |       |     1 ||     1
  Eat: Chunk             |     1 |     7 |     2 ||    10
       Ration            |       |     1 |       ||     1
Armor: Robe              |    20 |    22 |    13 ||    55
Dodge: Dodged            |    66 |    69 |    50 ||   185
